Map: Thunderbird LE

Players

Woah

  • Race: Terran Terran
  • League: Platinum
  • Spawn Location: 5:00

Dantooine - Winner!

  • Race: Protoss Protoss
  • League: Platinum
  • Spawn Location: 11:00

VOD

Have the link to the VOD?

Description

Time

  • Played on: June 11, 2019, 8:31 p.m.
  • Length: 13:16
Show
View Real Time Build Order
Export as new Build Order

Woah Terran 

Build Orders:  

Get SALT Encoding   

  12  0:01  SCV  
  13  0:13  SCV  
  14  0:18  Supply Depot  
  14  0:25  SCV  
  15  0:40  Barracks  
  15  0:41  SCV  
  16  0:45  Refinery  
  16  0:53  SCV  
  17  1:05  SCV  
  18  1:29  Marine  
  18  1:32  Orbital Command  
  19  1:37  Supply Depot  
  19  2:00  Command Center  
  19  2:09  Barracks  
  19  2:13  SCV  
  20  2:17  Barracks Reactor  
  20  2:35  SCV  
  21  2:40  Barracks  
  21  2:48  Engineering Bay  
  21  2:50  SCV  
  22  2:57  Barracks Tech Lab  
  22  3:03  SCV  
  23  3:07  Refinery  
  23  3:09  Marine  
  24  3:14  Marine  
  25  3:28  Factory  
  25  3:33  Barracks Tech Lab  
  25  3:36  Stimpack  
  25  3:40  SCV  
  26  3:50  Orbital Command  
  26  3:57  SCV  
  26  4:00  Combat Shield  
  27  4:09  Terran Infantry Weapons Level 1, SCV  
  28  4:21  SCV  
  28  4:42  Marauder x2  
  28  4:43  SCV, Starport  
  33  4:47  Marine x2  
  33  4:50  Supply Depot  
  33  4:52  Supply Depot  
  35  4:53  SCV  
  35  4:55  Factory Tech Lab  
  35  4:59  SCV  
  37  5:03  Marine  
  37  5:04  Missile Turret  
  38  5:10  Bunker  
  38  5:17  SCV x2  
  40  5:21  Factory Reactor  
  40  5:22  Marine  
  40  5:23  Marauder x2  
  40  5:28  Raven  
  47  5:29  SCV  
  48  5:36  SCV  
  48  5:41  Barracks  
  49  5:44  SCV  
  49  5:48  SCV  
  51  6:05  SCV  
  51  6:06  SCV  
  51  6:09  Command Center  
  51  6:10  Marauder x2, Marine x2  
  59  6:16  Factory Reactor  
  59  6:17  SCV  
  60  6:19  SCV  
  61  6:32  Barracks  
  61  6:35  Terran Infantry Armor Level 1  
  61  6:36  SCV  
  62  6:41  Supply Depot  
  62  6:42  Supply Depot  
  62  6:43  Supply Depot  
  62  6:45  SCV, Medivac x2  
  67  6:48  SCV  
  67  6:49  Marauder x2  
  72  7:06  Marauder  
  72  7:07  Marine x2  
  76  7:09  SCV x2  
  76  7:10  Marauder, Marine  
  81  7:23  Armory  
  81  7:27  Barracks Reactor  
  81  7:29  Widow Mine  
  83  7:41  Marauder x3, Marine x2  
  91  7:52  Refinery x2  
  91  7:55  SCV  
  91  7:57  Orbital Command  
  92  7:58  SCV  
  92  7:59  Marine x2  
  92  8:02  Marine x3  
  98  8:07  SCV  
  98  8:10  SCV  
  100  8:13  Widow Mine x2  
  100  8:19  SCV  
  105  8:21  Missile Turret  
  105  8:22  Missile Turret  
  105  8:30  Armory  
  105  8:33  Terran Infantry Weapons Level 2  
  105  8:34  Engineering Bay  
  105  8:41  Supply Depot  
  105  8:47  Viking x2  
  109  8:51  Refinery  
  109  8:53  Refinery  
  109  9:10  SCV  
  109  9:11  SCV  
  68  9:35  Marauder, Marine x6  
  72  9:40  Bunker  
  70  9:52  Marine  
  70  9:53  Marine x5  
  70  9:57  Marauder  
  78  10:05  Viking x2  
  82  10:09  SCV x3, Starport  
  82  10:10  Marine  
  82  10:11  Marauder x2, Marine  
  91  10:18  Bunker  
  92  10:21  SCV x2  
  92  10:25  Widow Mine x2  
  97  10:35  SCV  
  97  10:36  SCV x2  
  97  10:41  Viking  
  102  10:48  SCV x3  
  105  10:52  Bunker  
  105  11:00  SCV x3  
  105  11:02  Supply Depot  
  108  11:06  Starport Reactor, Command Center  
  108  11:07  Medivac  
  109  11:31  SCV  
  109  11:32  SCV x2  
  105  11:43  SCV  
  105  11:44  SCV x2  
  105  11:46  Marauder x3, Marine x4  
  118  11:56  SCV x3  
  117  12:03  Marine  
  117  12:04  Marine x3  
  117  12:07  Marauder x2  
  117  12:08  SCV x3  
  117  12:15  Marauder  
  94  12:20  SCV x2  
  94  12:21  Marine x2  
  70  12:32  SCV  
  56  12:47  Marauder x2, Marine  
  56  12:48  Marauder  
Show
View Real Time Build Order
Export as new Build Order

Dantooine Protoss - Winner!

Build Orders: Forge Fast Expand (FFE) 

Get SALT Encoding   

  1  0:00  Probe  
  12  0:06  Probe  
  14  0:20  Pylon  
  14  0:23  Probe  
  15  0:38  Probe  
  16  0:47  Forge  
  16  0:50  Probe  
  16  0:54  Pylon  
  17  1:02  Probe  
  18  1:24  Probe  
  18  1:29  Nexus  
  19  1:42  Gateway  
  19  1:44  Probe  
  20  2:19  Probe  
  20  2:22  Assimilator  
  20  2:23  Assimilator  
  21  2:33  Cybernetics Core  
  21  2:35  Nexus  
  21  2:48  Gateway  
  21  2:49  Probe  
  22  2:55  Probe  
  22  3:02  Probe  
  22  3:03  Probe  
  22  3:04  Stalker  
  24  3:09  Warp Gate  
  27  3:21  Probe  
  27  3:25  Probe, Pylon  
  29  3:31  Pylon  
  29  3:35  Probe  
  29  3:39  Stalker  
  32  3:49  Probe x2  
  32  3:55  Probe  
  34  3:57  Probe  
  34  3:59  Protoss Ground Armor Level 1  
  36  4:02  Assimilator  
  36  4:04  Stalker  
  36  4:07  Probe  
  39  4:14  Robotics Facility  
  39  4:33  Probe  
  38  4:45  Probe, Robotics Facility  
  39  4:47  Pylon  
  39  4:48  Probe  
  39  4:49  Pylon  
  40  4:53  Probe, Gateway  
  40  4:57  Gateway  
  41  5:01  Probe  
  41  5:02  Observer  
  41  5:07  Assimilator  
  42  5:09  Pylon  
  42  5:10  Probe  
  42  5:12  Stalker, Probe  
  47  5:17  Stalker  
  49  5:26  Probe  
  50  5:30  Probe  
  50  5:32  Robotics Bay  
  51  5:37  Stalker  
  51  5:42  Probe  
  54  5:45  Probe  
  55  5:54  Stalker, Probe  
  55  5:56  Pylon  
  58  5:57  Stalker, Probe  
  61  6:05  Pylon  
  61  6:07  Pylon  
  61  6:08  Protoss Ground Weapons Level 1  
  61  6:09  Colossus, Probe  
  62  6:20  Extended Thermal Lance  
  62  6:21  Probe  
  69  6:36  Probe  
  69  6:39  Assimilator  
  70  6:41  Assimilator, Pylon  
  70  6:43  Pylon  
  70  6:44  Probe  
  70  6:46  Colossus  
  76  6:47  Colossus  
  76  6:53  Probe  
  77  6:55  Twilight Council  
  78  7:02  Gateway  
  78  7:03  Probe  
  85  7:11  Probe  
  86  7:16  Photon Cannon  
  86  7:19  Stalker x2  
  86  7:20  Probe  
  90  7:23  Zealot  
  93  7:32  Probe  
  93  7:33  Blink  
  94  7:37  Stalker  
  94  7:43  Stalker x3  
  102  7:44  Probe  
  102  7:47  Observer  
  104  7:58  Photon Cannon  
  104  8:02  Warp Prism  
  104  8:04  Gateway  
  106  8:06  Stalker  
  106  8:07  Gateway  
  106  8:09  Stalker  
  110  8:22  Zealot  
  110  8:23  Zealot x2  
  115  8:42  Zealot x2  
  119  8:52  Zealot  
  119  8:53  Zealot x2  
  125  9:00  Zealot  
  127  9:03  Protoss Ground Weapons Level 2  
  105  9:34  Charge  
  103  9:38  Warp Prism  
  103  9:41  Stalker x5  
  103  9:42  Stalker x2  
  119  10:06  Immortal  
  123  10:10  Zealot x4  
  123  10:11  Zealot  
  133  10:20  Pylon x2  
  133  10:21  Pylon x3  
  133  10:24  Pylon  
  133  10:30  Forge  
  133  10:34  Gateway  
  133  10:36  Gateway  
  133  10:37  Gateway  
  133  10:45  Nexus  
  133  10:49  Immortal x2  
  141  10:54  Sentry x4  
  141  10:55  Sentry x3  
  155  10:57  Gateway  
  155  11:02  Pylon  
  155  11:04  Pylon  
  155  11:14  Resonating Glaives  
  155  11:16  Protoss Shields Level 1  
  155  11:17  Adept x2  
  155  11:18  Adept  
  161  11:19  Adept  
  163  11:26  Stalker  
  163  11:27  Stalker  
  161  11:37  Immortal  
  161  11:45  Gateway  
  159  11:49  Gateway  
  159  12:03  Stalker x4  
  159  12:04  Stalker x3  
  159  12:05  Stalker  
  155  12:17  Zealot  
  155  12:18  Zealot  
  155  12:19  Zealot x3  
  155  12:20  Zealot x3  
  160  12:35  Observer x2  
  161  13:00  Stalker x3  
  161  13:01  Stalker x2  
Tags
 
Add a new tag
Caveats
  • Supply blocks, unpowered buildings, or Contaminate may cause inaccurate times.
  • Supply counts are checked every 10 seconds.